 Seeded DCSS version 0.29.1-15-g9cfb28693d (webtiles) character file.

Game seed: 8515177902725472229 (custom seed)

68 bmack86 the Shield-Bearer (level 4, 20/40 HPs)
             Began as a Minotaur Fighter on Apr 25, 2023.
             Quit the game on level 2 of the Dungeon.
             The game lasted 00:02:57 (1129 turns).

bmack86 the Shield-Bearer (Minotaur Fighter)        Turns: 1129, Time: 00:02:57

Health: 20/40      AC: 10    Str: 23    XL:     4   Next: 1%
Magic:  3/3        EV:  9    Int:  5    God:
Gold:   1418       SH:  4    Dex:  9    Spells: 3/3 levels left

rFire   . . .      SeeInvis .   a - +0 war axe
rCold   . . .      Faith    .   c - +0 buckler
rNeg    . . .      Spirit   .   b - +0 scale mail
rPois   .          Reflect  .   (helmet restricted)
rElec   .          Harm     .   (no cloak)
rCorr   .          Rampage  .   r - +2 pair of gloves {infuse}
Will    .....                   (no boots)
Stlth   ..........              (no amulet)
HPRegen 0.13/turn               (no ring)
MPRegen 0.08/turn               (no ring)

@: mighty
A: horns 2, retaliatory headbutt
a: no special abilities


You were on level 2 of the Dungeon.
You visited 1 branch of the dungeon, and saw 2 of its levels.

You collected 1418 gold pieces.

Inventory:

Hand Weapons
 a - a +0 war axe (weapon)
Missiles
 n - 3 poisoned darts (quivered)
 p - 4 throwing nets
Armour
 b - a +0 scale mail (worn)
 c - a +0 buckler (worn)
 r - a +2 pair of gloves of infusion (worn)
Scrolls
 f - a scroll of noise {unknown}
 j - 3 scrolls of blinking {unknown}
 m - a scroll of vulnerability {unknown}
 o - a scroll of teleportation {unknown}
 q - a scroll of acquirement
Potions
 d - a potion of might
 e - 3 potions of curing
 g - a potion of attraction {unknown}
 h - a potion of flight {unknown}
 i - 2 potions of heal wounds {unknown}
 k - a potion of mutation {unknown}
 l - 2 potions of haste {unknown}


   Skills:
 + Level 4.2 Fighting
 * Level 3.7 Axes
 + Level 4.2 Armour
 + Level 4.2 Shields


You had 3 spell levels left.
You didn't know any spells.
Your spell library contained the following spells:

 Spells                   Type           Power      Damage    Failure   Level
 Slow                     Hex            0%         N/A       86%         1
 Confusing Touch          Hex            0%         N/A       99%         3
 Vampiric Draining        Necr           0%         2d6       99%         3
 Passage of Golubria      Tloc           0%         N/A       100%        4
 Silence                  Hex/Air        0%         N/A       100%        5
 Lehudib's Crystal Spear  Conj/Erth      0%         10d2      100%        8


Dungeon Overview and Level Annotations

Branches:
Dungeon (2/15)

Altars:


Innate Abilities, Weirdness & Mutations

You have a pair of horns on your head.
You reflexively headbutt those who attack you in melee.


Message History

The gnoll hits you but does no damage. x2
You barely miss the gnoll. Your headbutt misses the gnoll.
The gnoll is moderately wounded.
The gnoll barely misses you. x2
You closely miss the gnoll.
The gnoll is moderately wounded.
The gnoll barely misses you. The gnoll hits you with a +0 spear.
The gnoll hits you but does no damage.
The gnoll hits you from afar with a +0 spear.
You slash the gnoll!
You kill the gnoll!
You block the gnoll's attack. The gnoll hits you but does no damage.
Items here: ( ) ? †.
You barely miss the gnoll. The gnoll hits you with a +0 spear.
The gnoll misses you.
You slash the gnoll! You headbutt the gnoll.
You kill the gnoll!
You have reached level 4!
You feel stronger.
p - 2 throwing nets You see here a +0 spear.
p - 4 throwing nets (gained 2);
q - 3 scrolls of acquirement
Things that are here:
a +0 spear; a gnoll corpse
Things that are here:
a +0 whip; a gnoll corpse
Things that are here:
a +0 spear; a gnoll corpse You see here a +0 spear.
Found a quarterstaff.
Something appears at your feet!
r - a +2 pair of gloves of infusion You start putting on your armour.
You continue putting on your +2 pair of gloves of infusion. x4
You finish putting on your +2 pair of gloves of infusion.
You feel magic pooling in your hands. Something appears at your feet!
You now have 1418 gold pieces (gained 608).
Are you sure you want to abandon this character and quit the game? (Confirm with "yes".)

##.###.###.##
#######.#######
......#....#
#.#######
#...##.#####
#........ .###.#.#
######### .# #...#
.###.#######
....)......#
#######
....######)########
#.....# ##..#
#..))).@.# #.###.#
#..# ########.# #.#
#># ##..# .# ###.#
#.. ....# )# #...#
##. ###. .# #<###
#. .# #.# #. .#
#.######. .#
#)....... #..######


There were no monsters in sight!

Vanquished Creatures
  4 gnolls (D:2)
  2 dart slugs (D:1)
  5 bats
  An endoplasm (D:1)
  2 giant cockroaches (D:1)
  3 goblins
  3 hobgoblins
  3 frilled lizards (D:1)
  A kobold (D:1)
  3 rats
27 creatures vanquished.

Notes
Turn   | Place    | Note
-------+----------+-------------------------------------------
     0 | D:1      | bmack86 the Minotaur Fighter began the quest for the Orb.
     0 | D:1      | Reached XP level 1. HP: 19/19 MP: 0/0
    37 | D:1      | Identified a scroll of acquirement
    37 | D:1      | Acquired 745 gold pieces
   230 | D:1      | Reached XP level 2. HP: 25/27 MP: 1/1
  1013 | D:2      | Reached XP level 3. HP: 33/33 MP: 2/2
  1111 | D:2      | Reached XP level 4. HP: 18/40 MP: 3/3
  1120 | D:2      | Acquired a +2 pair of gloves of infusion
  1127 | D:2      | Acquired 608 gold pieces
  1129 | D:2      | Quit the game

Illustrated notes

Levels and vault maps discovered:
D:1:      sevenhm_arrival_forest_fort_large_4, layout_basic,
          nrook_loot_triangle, minmay_lizard_pond
D:2:      layout_loops_ring, basic_altar, serial_shops,
          nicolae_shop_temple_entry_statues_fountains

Skill      XL: |  1  2 |
---------------+-------+-----
Axes           | 3 |  3.7
Shields        | 4 |  4.2
Fighting       | 4 |  4.2
Armour         | 4 |  4.2

Action                   |  1- 3 |  4- 6 || total
-------------------------+-------+-------++-------
Melee: War axe           |    49 |       ||    49
       Headbutt          |     9 |       ||     9
  Use: Scroll            |     2 |     2 ||     4
       Potion            |     1 |       ||     1
Armor: Scale mail        |    38 |       ||    38
Dodge: Dodged            |    37 |       ||    37
Block: Buckler           |    14 |       ||    14
